 Dungeon Crawl Stone Soup version 0.19-a0-1852-gc11d922 (webtiles) character file.

3835 Psiweapon the Carver (level 9, -5/61 HPs)
             Began as a Vampire Gladiator on Oct 11, 2016.
             Was a Believer of Makhleb.
             Slain by an orc warrior
             ... wielding a +0 halberd
              (20 damage)
             ... on level 8 of the Dungeon.
             The game lasted 00:33:52 (6315 turns).

Psiweapon the Carver (Vampire Gladiator)            Turns: 6315, Time: 00:33:53

Health: -5/61      AC:  7    Str: 14 (15) XL:     9   Next: 98%
Magic:  13/13      EV: 16    Int:  9 (10) God:    Makhleb [**....]
Gold:   114        SH:  0    Dex: 16 (17) Spells: 0 memorised, 8 levels left

rFire  + . .     SeeInvis +     a - +1 long sword (venom)
rCold  + . .     Gourm    .     p - +1 animal skin
rNeg   . . .     Faith    .     (no shield)
rPois  .         Spirit   .     c - +0 helmet
rElec  .         Dismiss  .     (no cloak)
rCorr  +         Reflect  .     (no gloves)
MR     .....     Harm     .     (no boots)
Stlth  +++....... Rnd*Tele +    (no amulet)
                                y - ring of resist corrosion
                                D - ring of protection from fire

@: regenerating quickly
A: fangs 3, hooves 1, icy blue scales 1, see invisible, cold resistance 1,
deterioration 2, shaggy fur 1, teleportitis 1, unbreathing
a: Minor Destruction, Renounce Religion


You were on level 8 of the Dungeon.
You worshipped Makhleb.
Makhleb was pleased with you.
You were full.

You visited 2 branches of the dungeon, and saw 10 of its levels.

You collected 464 gold pieces.
You spent 350 gold pieces at shops.

Inventory:

Hand Weapons
 a - a +1 long sword of venom (weapon)
 i - a +0 hunting sling
 v - a +4 dagger
 A - a +0 dagger of speed
 E - a +2 short sword of venom
Missiles
 d - 3 throwing nets (quivered)
 g - 118 sling bullets
 s - 89 bolts
Armour
 b - a +0 leather armour
 c - a +0 helmet (worn)
 h - a +0 robe
 p - a +1 animal skin (worn)
 q - a +0 helmet
Jewellery
 t - an uncursed ring of fire
 y - a ring of resist corrosion (right hand)
 D - a ring of protection from fire (left hand)
 N - an uncursed ring of magical power
Wands
 r - a wand of acid (5/15)
 u - a wand of acid (0/15)
 F - a wand of lightning (0/15)
 J - a wand of flame (29/48)
Scrolls
 k - 3 scrolls of fear {unknown}
 m - 4 scrolls of amnesia
 n - 3 scrolls of recharging
 o - 5 scrolls of identify
 x - 6 scrolls of remove curse
 C - a scroll of blinking {unknown}
 H - a scroll of random uselessness
 K - 3 scrolls of magic mapping
 L - 2 scrolls of enchant weapon
 O - a scroll of noise {unknown}
Potions
 f - 2 potions of brilliance {unknown}
 j - 6 potions of flight
 l - a potion of blood
 w - a potion of curing {unknown}
 z - a potion of degeneration {unknown}
 B - a potion of resistance {unknown}
 G - 2 potions of agility {unknown}
 M - 2 potions of might {unknown}
Books
 I - a book of Cantrips

   Spells                             Type                      Level
   a - Confusing Touch                Hexes                        1
   b - Animate Skeleton               Necromancy                   1
   c - Summon Small Mammal            Summoning                    1
   d - Apportation                    Translocation                1


   Skills:
 - Level 1.7 Fighting
 + Level 11.0 Long Blades
 - Level 1.5 Throwing
 - Level 1.0 Armour
 * Level 5.9 Dodging
 - Level 5.9 Stealth
 - Level 6.4 Invocations


You had 8 spell levels left.
You didn't know any spells.

Dungeon Overview and Level Annotations

Branches:
Dungeon (9/15)             Temple (1/1) D:5
   Lair: D:8-11         Orc: D:9-12

Altars:
Ashenzari
Cheibriados
Dithmenos
Elyvilon
Gozag
Hepliaklqana
Kikubaaqudgha
Makhleb
Nemelex Xobeh
Okawaru
Qazlal
Ru
Sif Muna
Trog
Uskayaw
Vehumet
Yredelemnul
Zin
The Shining One

Shops:
D:6 [?[}=


Innate Abilities, Weirdness & Mutations

Your natural rate of healing is unusually fast.
You have razor-sharp teeth.
You have supernaturally acute eyesight. (SInv)
You can survive without breathing.
You have large cloven feet.
You are partially covered in icy blue scales. (AC +2)
Your flesh is cold resistant. (rC+)
Your body often deteriorates upon taking damage.
You are covered in fur. (AC +1)
You are occasionally teleported next to monsters.


Message History

The orc warrior is heavily wounded.
The orc priest barely misses you.
You riposte.
You hit the orc priest.
The orc priest looks as sick as possible!
The orc priest is almost dead.
Unknown command.
The orc warrior barely misses you.
The orc priest calls upon Beogh to heal the orc warrior.
The orc warrior is healed somewhat.
Found a scroll of magic mapping.
You kill the orc priest!
Makhleb accepts your kill. The adder misses you.
The orc warrior hits you from afar with a halberd!!
* * * LOW HITPOINT WARNING * * *
Your body deteriorates!
You feel weakened. The adder bites you but does no damage.
You closely miss the adder. You kick the adder, but do no damage.
The adder misses you.
The orc warrior hits you from afar with a halberd!!
You die...

,,.#*,,,,,,,,,,,,,,,,*****,****,,
,,,.,,,,,**#.****..,,,,,**,****,,
,,,*****,###.####.#*,#*,**,,,,,,,
,,,****,,,......#.##.##,**,****,*
,,,,,,*,,*,#..#....#..,,,,,,,,,,*
,,,**,*,,*,#..#.....##***********
,,,,,,,,,,,#...?.....#
,*,,,,,,,#.##)#S...<#*
*,,,,,*,*#..†>o.@.>#*
*,****#.......###.## *,*
####.#### *## *,* *,..,,,**
*,****#.#,,,,,* ,,,,,*#,*,,,,,*
,,,,,**,*,,*,,* ,,,,,**,*,,,,,*
,,,,,**,*,**,,*


You could see an orc warrior and an adder.

Vanquished Creatures
  The ghost of Gottschkopf the Nimble, a novice DEEE of Vehumet (D:8)
  The ghost of ZeroCool the Covert, a novice SpEn of Hepliaklqana (D:6)
  A hippogriff (D:8)
  Sigmund (D:2)
  Grum (D:8)
  2 orc warriors
  A sky beast (D:5)
  2 phantoms (D:4)
  4 wolves (D:8)
  2 centaurs
  6 ogres
  A crocodile (D:8)
  A bullfrog (D:8)
  A water moccasin zombie (D:6)
  A scorpion (D:6)
  3 wights (D:6)
  A howler monkey (D:5)
  A centaur zombie (D:5)
  2 bullfrog zombies
  2 crimson imps
  2 hounds (D:4)
  A quasit (D:7)
  An orc priest (D:8)
  2 orc wizards
  A bullfrog skeleton (D:4)
  2 jellies
  An iguana (D:4)
  2 worker ants (D:6)
  Robin (D:2)
  7 adders
  A shadow imp (D:7)
  An ooze (D:6)
  3 adder skeletons
  4 dart slugs
  2 worms
  3 leopard geckos
  28 orcs
  4 giant cockroaches
  14 goblins
  8 hobgoblins
  3 jackals (D:3)
  3 quokkas
  14 bats
  8 frilled lizards
  10 kobolds
  A leopard gecko skeleton (D:4)
  A quokka skeleton (D:4)
  A quokka zombie (D:6)
  4 rats
168 creatures vanquished.

Vanquished Creatures (others)
  A gnoll (D:5)
1 creature vanquished.

Grand Total: 169 creatures vanquished

Notes
Turn   | Place    | Note
-------+----------+-------------------------------------------
     0 | D:1      | Psiweapon the Vampire Gladiator began the quest for the Orb.
     0 | D:1      | Reached XP level 1. HP: 16/16 MP: 1/1
   144 | D:1      | Reached XP level 2. HP: 16/22 MP: 2/2
   414 | D:2      | Noticed Robin
   423 | D:2      | Reached skill level 4 in Long Blades
   423 | D:2      | Reached XP level 3. HP: 20/27 MP: 3/3
   437 | D:2      | Killed Robin
   734 | D:2      | Reached XP level 4. HP: 33/33 MP: 4/4
  1063 | D:4      | Reached skill level 5 in Long Blades
  1063 | D:4      | Reached skill level 1 in Armour
  1465 | D:2      | Found a faded altar of an unknown god.
  1470 | D:2      | Reached XP level 5. HP: 36/38 MP: 5/5
  1519 | D:2      | Found a sparkling altar of Nemelex Xobeh.
  1645 | D:2      | Noticed Sigmund
  1652 | D:2      | Killed Sigmund
  1652 | D:2      | Reached skill level 6 in Long Blades
  1652 | D:2      | Reached XP level 6. HP: 44/44 MP: 6/6
  2180 | D:3      | Reached skill level 1 in Stealth
  2473 | D:5      | Entered Level 5 of the Dungeon
  2473 | D:5      | Found a snail-covered altar of Cheibriados.
  2580 | D:5      | Noticed a sky beast
  2595 | D:5      | Killed a sky beast
  2595 | D:5      | Reached XP level 7. HP: 42/49 MP: 7/7
  2625 | D:3      | Found a glowing golden altar of the Shining One.
  2625 | D:3      | Found an iron altar of Okawaru.
  2628 | D:3      | Found an opulent altar of Gozag.
  2993 | D:3      | Reached skill level 7 in Long Blades
  3724 | D:5      | HP: 2/49 [centaur (2)]
  3731 | D:5      | Reached skill level 8 in Long Blades
  3731 | D:5      | Reached skill level 5 in Stealth
  3738 | D:5      | Reached XP level 8. HP: 29/55 MP: 8/8
  3973 | D:5      | Found a staircase to the Ecumenical Temple.
  3983 | Temple   | Entered the Ecumenical Temple
  4044 | Temple   | Became a worshipper of Makhleb the Destroyer
  4182 | D:6      | Found Wazayso's Magic Scroll Shop.
  4190 | D:6      | Bought a scroll of identify for 28 gold pieces
  4190 | D:6      | Bought a scroll of remove curse for 42 gold pieces
  4190 | D:6      | Bought a scroll of brand weapon for 280 gold pieces
  4200 | D:6      | Gained mutation: You have large cloven feet. [potion of mutation]
  4200 | D:6      | Gained mutation: You are covered in fur. (AC +1) [potion of mutation]
  4200 | D:6      | Gained mutation: Your body sometimes deteriorates upon taking damage. [potion of mutation]
  4201 | D:6      | Gained mutation: Your flesh is cold resistant. (rC+) [potion of mutation]
  4201 | D:6      | Gained mutation: You are partially covered in icy blue scales. (AC +2) [potion of mutation]
  4201 | D:6      | Gained mutation: Your body often deteriorates upon taking damage. [potion of mutation]
  4202 | D:6      | Gained mutation: You are occasionally teleported next to monsters. [potion of mutation]
  4206 | D:6      | Found Fagacs's Antique Armour Shoppe.
  4206 | D:6      | Found Ydwatuj's Gadget Shop.
  4246 | D:6      | Reached skill level 1 in Invocations
  4400 | D:6      | Noticed ZeroCool's ghost (novice SpEn)
  4417 | D:6      | Killed ZeroCool's ghost
  4417 | D:6      | Reached skill level 9 in Long Blades
  4553 | D:6      | Found a glowing silver altar of Zin.
  4633 | D:6      | Found Zucul's Armour Shoppe.
  4776 | D:6      | Reached skill level 10 in Long Blades
  4812 | D:6      | Reached XP level 9. HP: 61/61 MP: 11/11
  4837 | D:6      | Found Poyvvuyz's Jewellery Boutique.
  4882 | D:5      | Reached * piety under Makhleb
  5236 | D:6      | Found a hazy altar of Hepliaklqana.
  5236 | D:6      | Found a deep blue altar of Sif Muna.
  5696 | D:7      | Found a radiant altar of Vehumet.
  5970 | D:8      | Noticed Gottschkopf's ghost (novice DEEE)
  5970 | D:8      | Found a shattered altar of Ashenzari.
  5975 | D:8      | Reached skill level 5 in Invocations
  6096 | D:8      | HP: 2/61 [hippogriff (4)]
  6105 | D:8      | Reached ** piety under Makhleb
  6199 | D:8      | Killed Gottschkopf's ghost
  6236 | D:8      | Noticed Grum
  6246 | D:8      | Killed Grum
  6246 | D:8      | Reached skill level 5 in Dodging
  6246 | D:8      | Reached skill level 11 in Long Blades
  6301 | D:9      | Found a stormy altar of Qazlal.
  6315 | D:8      | Slain by an orc warrior

Vault maps used:
D:1:      matt_arrival_los_fun, hangedman_decor_push,
          minmay_misc_feat_diagonals, minmay_pentomino_s2
D:2:      nemelex_xobeh_ov_fountains_minmay, ecumenical_altar_2, uniq_robin,
          uniq_sigmund
D:3:      nicolae_overflow_hidden_temple, kennysheep_generic_room_9
D:4:      first_bread
D:5:      minmay_opposing_rooms, cheibriados_altar_1
D:6:      lemuel_round_altar, gammafunk_temple_overflow_statue, serial_shops,
          kennysheep_mini_moat, shop, shop, shop, shop
D:7:      vehumet_altar_wand_db
D:8:      ashenzari_conservatory_becter, jmf_multi_god_temple2, uniq_joseph,
          uniq_grum
D:9:      grunt_qazlal_sundering, overflow_temple_1_default,
          nicolae_overflow_crystal_walls, serial_shops, shop_fountains,
          grunt_livestock, uniq_psyche, uniq_gastronok
Temple:   compressed_dpeg_triangle_lava_temple

Skill      XL: |  1  2  3  4  5  6  7  8  9 |
---------------+----------------------------+-----
Long Blades    | 4 5 6 8 10 11 | 11.0
Armour         | 1 |  1.0
Dodging        | 4 5 |  5.9
Stealth        | 3 5 |  5.9
Invocations    | 3 6 |  6.4
Fighting       | |  1.7
Throwing       | |  1.5

Action                   |  1- 3 |  4- 6 |  7- 9 || total
-------------------------+-------+-------+-------++-------
Melee: Long sword        |    71 |   139 |   322 ||   532
       Bite              |    12 |    20 |    59 ||    91
       Dagger            |       |     1 |     1 ||     2
       Kick              |       |       |    91 ||    91
       Short sword       |       |       |     1 ||     1
 Fire: Hunting sling     |       |       |    19 ||    19
Throw: Throwing net      |       |       |     1 ||     1
Invok: Minor Destruction |       |       |     2 ||     2
Evoke: Wand              |       |       |    11 ||    11
  Use: Scroll            |       |     2 |     8 ||    10
       Potion            |       |       |    16 ||    16
 Stab: Sleeping          |       |     5 |     7 ||    12
  Eat: Corpse            |    10 |    16 |    11 ||    37
Armor: Robe              |    11 |       |       ||    11
       Animal skin       |       |    24 |    57 ||    81
Dodge: Dodged            |    59 |   109 |   245 ||   413
       Rpst.: Long sword |    19 |    43 |    76 ||   138
